 Dungeon Crawl Stone Soup version 0.19-a0-1834-g6b7851e (webtiles) character file.

439 KarmaPolice the Slasher (level 6, -1/43 HPs)
             Began as a High Elf Skald on Oct 6, 2016.
             Slain by a scorpion (9 damage)
             ... on level 4 of the Dungeon on Oct 8, 2016.
             The game lasted 00:10:20 (5379 turns).

KarmaPolice the Slasher (High Elf Skald)            Turns: 5379, Time: 00:10:21

Health: -1/43      AC:  4    Str: 12    XL:     6   Next: 70%
Magic:  0/13       EV: 11    Int: 17    God:
Gold:   149        SH:  0    Dex: 15    Spells: 2 memorised, 10 levels left

rFire  . . .     SeeInvis .     a - +0 falchion
rCold  . . .     Gourm    .     b - +0 leather armour
rNeg   . . .     Faith    .     (no shield)
rPois  .         Spirit   .     (no helmet)
rElec  .         Dismiss  .     (no cloak)
rCorr  .         Reflect  .     r - +0 pair of gloves
MR     .....     Harm     .     (no boots)
Stlth  +.........               (no amulet)
                                (no ring)
                                (no ring)

@: lethally poisoned (-1 -> -15), infused (expiring), very slightly contaminated
A: no striking features
a: no special abilities


You were on level 4 of the Dungeon.
You were near starving.

You visited 1 branch of the dungeon, and saw 4 of its levels.

You collected 209 gold pieces.
You spent 60 gold pieces at shops.

Inventory:

Hand Weapons
 a - a +0 falchion (weapon)
 p - a +0 short sword of draining
Armour
 b - a +0 leather armour (worn)
 r - a +0 pair of gloves (worn)
Scrolls
 e - 2 scrolls of remove curse {unknown}
 h - a scroll of enchant weapon {unknown}
 i - a scroll of magic mapping {unknown}
 j - a scroll of recharging {unknown}
 k - 6 scrolls of identify
 s - a scroll of enchant armour {unknown}
 u - 2 scrolls of teleportation
Potions
 l - 2 potions of curing
 m - a potion of magic {unknown}
 n - a potion of haste {unknown}
 o - a potion of ambrosia {unknown}
 q - 2 potions of berserk rage {unknown}
 t - a potion of lignification {unknown}
 w - 2 potions of brilliance {unknown}
Books
 c - a book of Battle

   Spells                             Type                      Level
   a - Infusion                       Charms                       1
   b - Shroud of Golubria             Charms/Translocation         2
   c - Song of Slaying                Charms                       2
   d - Spectral Weapon                Hexes/Charms                 3
   e - Regeneration                   Charms/Necromancy            3
Comestibles
 d - 3 bread rations
 f - a slice of pizza
 g - 2 meat rations
 v - 2 fruits


   Skills:
 + Level 4.0 Fighting
 + Level 4.8 Long Blades
 + Level 1.8 Armour
 - Level 1.1 Dodging
 - Level 4.0 Spellcasting
 - Level 4.0 Charms
 + Level 2.8 Translocations


You had 10 spell levels left.
You knew the following spells:

 Your Spells              Type           Power        Failure   Level  Hunger
a - Infusion              Chrm           ###.         4%          1    None
b - Shroud of Golubria    Chrm/Tloc      ###.......   10%         2    ##.....


Dungeon Overview and Level Annotations

Branches:
Dungeon (4/15)
 Temple: D:4-7

Altars:
Cheibriados
Gozag
Kikubaaqudgha
Nemelex Xobeh
Okawaru
Sif Muna
Uskayaw
Vehumet
Yredelemnul
The Shining One

Shops:
D:4 *

Annotations:
D:4 Duvessa


Message History

You hit the scorpion.
The scorpion is severely wounded.
You feel sick. The orc closely misses you. The scorpion stings you.
You closely miss the scorpion.
The scorpion is severely wounded.
You feel sick. The orc hits you with a club. The scorpion stings you.
* * * LOW HITPOINT WARNING * * *
You are lethally poisoned!
The scorpion poisons you!
You hit the scorpion.
The scorpion is severely wounded.
* * * LOW HITPOINT WARNING * * *
You feel sick. The scorpion misses you. The orc hits you with a club.
* * * LOW HITPOINT WARNING * * *
You closely miss the scorpion.
The scorpion is severely wounded.
Your magical infusion is running out.
* * * LOW HITPOINT WARNING * * *
You feel sick. The scorpion stings you!
You die...

#####
##..###(..##
....##.....##
##$...#.......#
#.....#.......#
#....##......)#
#o... ##.....##
#so# ##...##
#@########'####
#.............#
#.............#
#.............#
####+########.#
###..# #....#
##....# #.....#


You could see a scorpion and 2 orcs.

Vanquished Creatures
  A hungry ghost (D:4)
  A scorpion (D:4)
  An orc priest (D:4)
  A centaur skeleton (D:4)
  An orc wizard (D:3)
  A hound skeleton (D:4)
  5 adders
  5 worms
  A dart slug (D:2)
  7 leopard geckos
  5 orcs
  8 giant cockroaches
  10 goblins
  8 hobgoblins
  7 jackals
  9 kobolds
  2 quokkas
  3 ball pythons
  8 bats
  2 frilled lizards
  A quokka skeleton (D:4)
  6 rats
93 creatures vanquished.

Notes
Turn   | Place    | Note
-------+----------+-------------------------------------------
     0 | D:1      | KarmaPolice the High Elf Skald began the quest for the Orb.
     0 | D:1      | Reached XP level 1. HP: 14/14 MP: 4/4
   219 | D:1      | Reached XP level 2. HP: 16/19 MP: 6/6
   223 | D:1      | Learned a level 2 spell: Shroud of Golubria
   808 | D:1      | Upgraded the game from 0.19-a0-1821-g42c593c to 0.19-a0-1834-g6b7851e
   998 | D:1      | Reached XP level 3. HP: 23/25 MP: 8/8
  1715 | D:2      | Found a basalt altar of Yredelemnul.
  1717 | D:2      | Noticed a profane servitor
  1727 | D:2      | Found a glowing golden altar of the Shining One.
  1863 | D:2      | Reached XP level 4. HP: 29/30 MP: 0/10
  2387 | D:2      | You fall through a shaft!
  2900 | D:2      | Reached skill level 1 in Translocations
  3062 | D:2      | Noticed an angel
  3082 | D:3      | Found a snail-covered altar of Cheibriados.
  3082 | D:3      | Found a sparkling altar of Nemelex Xobeh.
  3435 | D:3      | Found a hide-covered altar of Uskayaw.
  3445 | D:3      | Found an iron altar of Okawaru.
  3569 | D:3      | Reached XP level 5. HP: 16/36 MP: 1/11
  3844 | D:3      | Found a deep blue altar of Sif Muna.
  3844 | D:3      | Found an ancient bone altar of Kikubaaqudgha.
  3846 | D:3      | Found a radiant altar of Vehumet.
  3855 | D:3      | Identified Kikubaaqudgha's Guide on Darkness
  4751 | D:4      | Noticed a hungry ghost
  4770 | D:4      | Killed a hungry ghost
  4770 | D:4      | Reached skill level 1 in Armour
  4770 | D:4      | Reached XP level 6. HP: 38/43 MP: 4/13
  4850 | D:4      | Noticed Duvessa
  4926 | D:4      | Found an opulent altar of Gozag.
  4940 | D:4      | Found Xonweschuwn's General Store.
  4942 | D:4      | Bought a scroll of teleportation for 33 gold pieces
  4942 | D:4      | Bought a potion of mutation for 27 gold pieces
  5379 | D:4      | Slain by a scorpion

Vault maps used:
D:1:      dpeg_arrival_yet_another_circle
D:2:      grunt_temple_overflow_holy_war
D:3:      grunt_temple_overflow_magic_moments, grunt_temple_overflow_open,
          amethyst_overflow_temple_binary, gup_sewer_entry_pipe
D:4:      minmay_opposing_rooms, first_bread, serial_shops, nicolae_shop_trees,
          nicolae_gozag_cash_rules_everything_around_me, uniq_duvessa

Skill      XL: |  1  2  3  4  5  6 |
---------------+-------------------+-----
Spellcasting   | 3 4 |  4.0
Long Blades    | 3 4 |  4.8
Charms         | 4 |  4.0
Translocations | 1 2 |  2.8
Fighting       | 3 4 |  4.0
Armour         | 1 |  1.8
Dodging        | |  1.1

Action                   |  1- 3 |  4- 6 || total
-------------------------+-------+-------++-------
Melee: Falchion          |   147 |   197 ||   344
 Cast: Infusion          |     5 |    15 ||    20
       Shroud of Golubri |     5 |    13 ||    18
  Use: Scroll            |       |     1 ||     1
       Potion            |       |     1 ||     1
 Stab: Sleeping          |     1 |     1 ||     2
  Eat: Chunk             |     3 |    10 ||    13
       Royal jelly       |       |     1 ||     1
Armor: Leather armour    |    47 |    54 ||   101
Dodge: Dodged            |   109 |   118 ||   227
       Rpst.: Falchion   |    38 |    30 ||    68
